 Dungeon Crawl Stone Soup version 0.30.0-5-g1a98f26d00 (webtiles) character file.

Game seed: 13159508202738609059

86 edwardauron the Chiller (level 4, -2/32 HPs)
             Began as a Gnoll Ice Elementalist on May 12, 2023.
             Was an Initiate of Gozag.
             Slain by a +1 spectral club (5 damage)
             ... created by Ijyb
             ... on level 3 of the Dungeon.
             The game lasted 00:03:57 (2090 turns).

edwardauron the Chiller (Gnoll Ice Elementalist)    Turns: 2090, Time: 00:03:58

Health: -2/32      AC:  7    Str:  7    XL:     4   Next: 49%
Magic:  6/11       EV: 10    Int: 17    God:    Gozag
Gold:   106        SH:  0    Dex: 12    Spells: 6/13 levels left

rFire   . . .        a - +0 whip
rCold   . . .        (no shield)
rNeg    . . .        k - +2 ring mail {rPois}
rPois   +            (no helmet)
rElec   .            (no cloak)
rCorr   .            (no gloves)
SInv    .            (no boots)
Will    .....        c - amulet of faith
Stlth   ++           (no ring)
HPRegen 0.25/turn    (no ring)
MPRegen 0.12/turn

%: faith
@: mighty, gold aura
A: fangs 1, strong nose, distributed training
a: Renounce Religion, Potion Petition, Call Merchant, Bribe Branch


You were on level 3 of the Dungeon.
You worshipped Gozag.
Gozag was aware of your devotion.
You visited 1 branch of the dungeon, and saw 3 of its levels.

You collected 180 gold pieces.
You paid 74 gold pieces to Gozag.

Inventory:

Hand Weapons
 a - a +0 whip (weapon)
Missiles
 h - 7 javelins
 i - 13 stones
Armour
 k - a +2 ring mail of poison resistance (worn)
 l - a +2 chain mail of cold resistance
Jewellery
 c - an amulet of faith (around neck)
Wands
 j - a wand of roots (13)
 r - a wand of flame (16)
Scrolls
 e - a scroll of noise {unknown}
 f - a scroll of enchant armour {unknown}
 n - a scroll of brand weapon {unknown}
 o - a scroll of enchant weapon {unknown}
 p - a scroll of torment {unknown}
 q - a scroll of fear {unknown}
Potions
 b - a potion of magic
 g - 2 potions of brilliance {unknown}
 m - a potion of mutation {unknown}


   Skills:
 + Level 1.2 Fighting
 + Level 1.2 Short Blades
 + Level 1.2 Long Blades
 + Level 1.2 Axes
 + Level 1.2 Maces & Flails
 + Level 1.2 Polearms
 + Level 1.2 Staves
 + Level 1.2 Ranged Weapons
 + Level 1.2 Throwing
 + Level 1.2 Armour
 + Level 4.6 Dodging
 + Level 4.3 Stealth
 + Level 1.2 Shields
 + Level 1.2 Unarmed Combat
 + Level 5.1 Spellcasting
 + Level 1.0 Conjurations
 + Level 1.0 Hexes
 + Level 1.0 Summonings
 + Level 1.0 Necromancy
 + Level 1.0 Translocations
 + Level 1.0 Transmutations
 + Level 1.0 Fire Magic
 + Level 7.1 Ice Magic
 + Level 1.0 Air Magic
 + Level 1.0 Earth Magic
 + Level 1.0 Poison Magic
 + Level 1.3 Invocations
 + Level 1.2 Evocations


You had 6 spell levels left.
You knew the following spells:

 Your Spells              Type           Power      Damage    Failure   Level
a - Freeze                Ice            100%       1d10      2%          1
b - Frozen Ramparts       Ice            56%        1d9       8%          3
c - Ozocubu's Armour      Ice            28%        N/A       8%          3

Your spell library contained the following spells:

 Spells                   Type           Power      Damage    Failure   Level
 Summon Ice Beast         Ice/Summ       18%        N/A       65%         4


Dungeon Overview and Level Annotations

Branches:
Dungeon (3/15)

Altars:
Elyvilon
Gozag
Nemelex Xobeh
Qazlal
Ru
Uskayaw
Vehumet
Wu Jian

Annotations:
D:3 Ijyb


Innate Abilities, Weirdness & Mutations

You have very sharp teeth.
Your uncanny sense of smell can sniff out nearby items.
Your experience applies equally to all skills.


Message History

You freeze the orc!
You kill the orc!
Ijyb shouts!
The orc is distracted by your dazzling golden aura.
The wall freezes Ijyb but does no damage.
Ijyb is no longer distracted by gold.
The orc is no longer distracted by gold.
The wall freezes Ijyb but does no damage.
Ijyb zaps a wand.
Your will is overpowered!
You are confused.
The wall freezes the orc.
The wall freezes Ijyb but does no damage.
You're too confused to cast spells.
You are too confused!
It was a potion of might.
You feel very mighty all of a sudden.
The wall freezes the orc!
You kill the orc!
The wall freezes Ijyb.
Your frozen ramparts will break if you move.
Continue? [Y]es or [N]o only, please.
Your frozen ramparts will break if you move.
Continue?
Okay, then.
The frozen ramparts melt away.
Ijyb hits you but does no damage. The +1 spectral club hits you.
A +1 spectral club comes into view.
You bump into the rock wall.
Ijyb closely misses you. The +1 spectral club hits you.
You closely miss the +1 spectral club.
You feel less confused. Ijyb closely misses you. The +1 spectral club hits you.
You hit Ijyb but do no damage.
Ijyb is lightly wounded.
The +1 spectral club hits you!
* * * LOW HITPOINT WARNING * * *
Ijyb hits you with a +1 spectral club.
* * * LOW HITPOINT WARNING * * *
The +1 spectral club hits you.
You die...
Your body crumbles into a pile of gold.

## #..#.# .# #.#
#....##.## # #.#
#.#####..# #.#
#..#.....# ####.##
#.#.###.# ##.....##
#...###.#
##.......###....##.#
$
#.........##(##.##.#
#..........g@# .....
#..........### ###..
#.........## ...
#..)......# #∆
##.......##
#........(
#.........#
#.........#
#.........#


You could see a +1 spectral club and Ijyb.

Vanquished Creatures
  3 adders (D:2)
  2 worms (D:2)
  A dart slug (D:2)
  3 orcs (D:3)
  8 endoplasms
  2 giant cockroaches
  6 goblins
  4 hobgoblins
  A quokka (D:1)
  A ball python (D:1)
  5 bats
  2 frilled lizards (D:2)
  4 kobolds
  3 rats
45 creatures vanquished.

Notes
Turn   | Place    | Note
-------+----------+-------------------------------------------
     0 | D:1      | edwardauron the Gnoll Ice Elementalist began the quest for
                  | the Orb.
     0 | D:1      | Reached XP level 1. HP: 13/13 MP: 6/6
   255 | D:1      | Reached XP level 2. HP: 14/19 MP: 5/7
   876 | D:1      | Reached skill level 5 in Spellcasting
   876 | D:1      | Reached XP level 3. HP: 25/25 MP: 5/9
  1286 | D:2      | Reached skill level 1 in Invocations
  1413 | D:2      | Learned a level 3 spell: Frozen Ramparts
  1417 | D:2      | Learned a level 3 spell: Ozocubu's Armour
  1443 | D:2      | Reached skill level 1 in Fighting
  1443 | D:2      | Reached skill level 1 in Short Blades
  1443 | D:2      | Reached skill level 1 in Long Blades
  1443 | D:2      | Reached skill level 1 in Axes
  1443 | D:2      | Reached skill level 1 in Maces & Flails
  1443 | D:2      | Reached skill level 1 in Polearms
  1443 | D:2      | Reached skill level 1 in Staves
  1443 | D:2      | Reached skill level 1 in Ranged Weapons
  1443 | D:2      | Reached skill level 1 in Throwing
  1443 | D:2      | Reached skill level 1 in Armour
  1443 | D:2      | Reached skill level 1 in Shields
  1443 | D:2      | Reached skill level 1 in Unarmed Combat
  1443 | D:2      | Reached skill level 1 in Evocations
  1588 | D:2      | Reached XP level 4. HP: 32/32 MP: 9/11
  2005 | D:3      | Found a white marble altar of Elyvilon.
  2006 | D:3      | Found a sparkling altar of Nemelex Xobeh.
  2006 | D:3      | Found a hide-covered altar of Uskayaw.
  2007 | D:3      | Found a radiant altar of Vehumet.
  2008 | D:3      | Found a sacrificial altar of Ru.
  2009 | D:3      | Found an opulent altar of Gozag.
  2009 | D:3      | Found an ornate altar of the Wu Jian Council.
  2009 | D:3      | Found a stormy altar of Qazlal.
  2020 | D:3      | Reached skill level 1 in Conjurations
  2020 | D:3      | Reached skill level 1 in Hexes
  2020 | D:3      | Reached skill level 1 in Summonings
  2020 | D:3      | Reached skill level 1 in Necromancy
  2020 | D:3      | Reached skill level 1 in Translocations
  2020 | D:3      | Reached skill level 1 in Transmutations
  2020 | D:3      | Reached skill level 1 in Fire Magic
  2020 | D:3      | Reached skill level 1 in Air Magic
  2020 | D:3      | Reached skill level 1 in Earth Magic
  2020 | D:3      | Reached skill level 1 in Poison Magic
  2024 | D:3      | Became a worshipper of Gozag Ym Sagoz the Greedy
  2063 | D:3      | Noticed Ijyb
  2090 | D:3      | Slain by a +1 spectral club

Illustrated notes

Levels and vault maps discovered:
D:1:      minmay_arrival_cross, layout_loops_corners
D:2:      minmay_wonky_spiral, layout_basic
D:3:      cheibrodos_pilgrimage, layout_rooms, grunt_temple_overflow_open,
          mainiacjoe_overflow_24_doors, basic_ecumenical_altar, serial_shops,
          shop, kennysheep_generic_room_9, uniq_sigmund, uniq_grinder, uniq_ijyb

Skill      XL: |  1  2  3  4 |
---------------+-------------+-----
Spellcasting   | 5 |  5.1
Invocations    | 1 |  1.3
Fighting       | 1 |  1.2
Short Blades   | 1 |  1.2
Long Blades    | 1 |  1.2
Axes           | 1 |  1.2
Maces & Flails | 1 |  1.2
Polearms       | 1 |  1.2
Staves         | 1 |  1.2
Ranged Weapons | 1 |  1.2
Throwing       | 1 |  1.2
Armour         | 1 |  1.2
Shields        | 1 |  1.2
Unarmed Combat | 1 |  1.2
Evocations     | 1 |  1.2
Conjurations   | 1 |  1.0
Hexes          | 1 |  1.0
Summonings     | 1 |  1.0
Necromancy     | 1 |  1.0
Translocations | 1 |  1.0
Transmutations | 1 |  1.0
Fire Magic     | 1 |  1.0
Air Magic      | 1 |  1.0
Earth Magic    | 1 |  1.0
Poison Magic   | 1 |  1.0
Dodging        | |  4.6
Stealth        | |  4.3
Ice Magic      | |  7.1

Action                     |  1- 3 |  4- 6 || total
---------------------------+-------+-------++-------
  Melee: Unarmed           |     4 |       ||     4
         Whip              |    27 |    23 ||    50
         Bite              |     1 |     4 ||     5
   Cast: Freeze            |    39 |    10 ||    49
         Frozen Ramparts   |       |     1 ||     1
    Use: Potion            |       |     1 ||     1
   Stab: Sleeping          |     1 |     1 ||     2
 Armour: Robe              |     3 |       ||     3
         Ring mail         |    14 |    17 ||    31
         Leather armour    |    14 |       ||    14
  Dodge: Dodged            |    31 |    22 ||    53
